 Dungeon Crawl Stone Soup version 0.20.1-1-g8b1a95d (webtiles) character file.

59 slep the Skirmisher (level 3, -3/34 HPs)
             Began as a Minotaur Abyssal Knight on Oct 27, 2017.
             Was a Believer of Lugonu.
             Slain by Sigmund
             ... wielding a +0 scythe
              (8 damage)
             ... on level 2 of the Dungeon.
             The game lasted 00:07:53 (1269 turns).

slep the Skirmisher (Minotaur Abyssal Knight)       Turns: 1269, Time: 00:07:54

Health: -3/34      AC:  6    Str: 16    XL:     3   Next: 78%
Magic:  3/3        EV:  9    Int:  9    God:    Lugonu [**....]
Gold:   67         SH:  0    Dex: 10    Spells: 2/2 levels left

rFire    + . .     SeeInvis .   a - +1 falchion
rCold    x . .     Gourm    .   (no shield)
rNeg     . . .     Faith    .   d - +0 scale mail (curse)
rPois    .         Spirit   .   (helmet restricted)
rElec    .         Reflect  .   (no cloak)
rCorr    .         Harm     +   (no gloves)
MR       .....                  (no boots)
Stlth    +.........             m - amulet of harm
Regen    0.2/turn               l - ring of stealth
MPRegen  0.1/turn               o - ring of fire

@: no status effects
A: retaliatory headbutt, horns 2
a: Depart the Abyss, Bend Space, Renounce Religion


You were on level 2 of the Dungeon.
You worshipped Lugonu.
Lugonu was pleased with you.
You were not hungry.

You visited 1 branch of the dungeon, and saw 2 of its levels.
You visited the Abyss 1 time.

You collected 67 gold pieces.

Inventory:

Hand Weapons
 a - a +1 falchion (weapon)
Missiles
 h - 6 tomahawks (quivered)
Armour
 b - a +0 leather armour
 d - a cursed +0 scale mail (worn)
Jewellery
 l - a ring of stealth (left hand)
 m - an amulet of harm (around neck)
 o - a ring of fire (right hand)
Scrolls
 e - a scroll of fear {unknown}
 j - a scroll of remove curse {unknown}
 p - a scroll of magic mapping {unknown}
 q - a scroll of random uselessness {unknown}
 r - a scroll of identify {unknown}
 s - a scroll of immolation {unknown}
Potions
 g - 3 potions of mutation {unknown}
 k - a potion of heal wounds {unknown}
Comestibles
 c - 2 bread rations
 f - a meat ration
 i - a royal jelly
 n - 7 chunks of flesh


   Skills:
 + Level 4.6 Fighting
 + Level 3.5 Long Blades
 + Level 2.8 Armour
 + Level 1.3 Dodging
 + Level 2.0 Invocations


You had 2 spell levels left.
You didn't know any spells.

Dungeon Overview and Level Annotations

Branches:
Dungeon (2/15)

Altars:
Nemelex Xobeh

Annotations:
D:2 Sigmund


Innate Abilities, Weirdness & Mutations

You reflexively headbutt those who attack you in melee.
You have a pair of horns on your head.


Message History

Sigmund gestures wildly while chanting.
Sigmund flickers and vanishes!
Deactivating autopickup; reactivate with Ctrl-A.
Something hits you!
You hit something but do no damage. You closely miss something.
You hear some strange, mumbled words.
You are confused.
You miss something. Something hits you but does no damage.
You bump into the rock wall.
Something hits you.
You bump into the rock wall.
You completely miss something. Your headbutt misses something.
Something hits you. Something hits you but does no damage.
You feel less confused. Something hits you!
* * * LOW HITPOINT WARNING * * *
Something hits you but does no damage.
You closely miss something. Something hits you!
You die...

###### #....#
#.##.#
#######....##
#...$g{@.?..#
#.######....##
#.....#
#.....###########
#..>.............
#...............#
##......####....#
#...............#
#........###.....#


You could see a goblin.

Vanquished Creatures
  An adder (D:2)
  A dart slug (D:2)
  A leopard gecko (D:1)
  2 giant cockroaches
  5 goblins (D:1)
  5 hobgoblins (D:1)
  11 jackals
  A quokka (D:2)
  A ball python (D:1)
  2 bats (D:2)
  4 frilled lizards (D:1)
  2 kobolds
  7 rats
43 creatures vanquished.

Notes
Turn   | Place    | Note
-------+----------+-------------------------------------------
     0 | Abyss:1  | slep the Minotaur Abyssal Knight began the quest for the Orb.
     0 | Abyss:1  | Reached XP level 1. HP: 19/19 MP: 1/1
    54 | Abyss:1  | Noticed a small abomination
    56 | Abyss:1  | Noticed a fire bat
    59 | D:1      | Escaped the Abyss
   139 | D:1      | Found a sparkling altar of Nemelex Xobeh.
   223 | D:1      | Reached XP level 2. HP: 19/27 MP: 2/2
   230 | D:1      | Reached * piety under Lugonu
   230 | D:1      | Reached skill level 4 in Fighting
   570 | D:1      | Reached XP level 3. HP: 27/33 MP: 3/3
  1210 | D:2      | Reached ** piety under Lugonu
  1255 | D:2      | Noticed Sigmund
  1269 | D:2      | Slain by Sigmund

Skill      XL: |  1  2 |
---------------+-------+-----
Fighting       | 4 |  4.6
Invocations    | 2 |  2.0
Long Blades    | 3 |  3.5
Armour         | |  2.8
Dodging        | |  1.3

Action                   || total
-------------------------++-------
Melee: Falchion          ||   101
       Headbutt          ||    14
Invok: Depart the Abyss  ||     1
  Eat: Chunk             ||     1
Armor: Scale mail        ||    44
Dodge: Dodged            ||    40
       Rpst.: Falchion   ||    11
